 Dungeon Crawl Stone Soup version 0.31-a0-331-geda263fcf1 (webtiles) character file.

Game seed: 918273854191196577

117 mopl the Changeling (level 5, -3/52 HPs)
             Began as an Octopode Shapeshifter on July 19, 2023.
             Slain by a gnoll
             ... wielding a +0 club
              (10 damage)
             ... on level 4 of the Dungeon.
             The game lasted 00:02:48 (2282 turns).

mopl the Changeling (Octopode Shapeshifter)         Turns: 2282, Time: 00:02:49

Health: -3/52      AC: 22    Str: 14    XL:     5   Next: 1%
Magic:  5/5        EV:  2    Int: 11    God:
Gold:   85         SH:  0    Dex: 14    Spells: 4/4 levels left

rFire   . . .        s - +5 dagger (elec)
rCold   . . .        r - orb {light}
rNeg    . . .        (helmet currently unavailable)
rPois   +            (no amulet)
rElec   .            (no ring)
rCorr   .            (no ring)
SInv    .            (no ring)
Will    .....        (no ring)
Stlth   +            (no ring)
HPRegen 0.28/turn    (no ring)
MPRegen 0.09/turn    (no ring)
                     (no ring)

%: no passive effects
@: tree-form, sleeping, glowing
A: stationary, stasis, torment immunity, boosted hp, almost no armour,
(amphibious), 8 rings, (camouflage 1), (gelatinous body 1), (nimble swimmer 1),
(tentacles)
a: no special abilities


You were on level 4 of the Dungeon.
You were a tree.
You visited 1 branch of the dungeon, and saw 4 of its levels.

You collected 167 gold pieces.
You spent 82 gold pieces at shops.

Inventory:

Hand Weapons
 s - a +5 dagger of electrocution (weapon)
Missiles
 p - 3 silver boomerangs
 q - 2 poisoned darts (quivered)
Armour
 r - an orb of light (worn)
Magical Staves
 u - a staff of poison
Talismans
 b - a beast talisman
Wands
 o - a wand of flame (16)
 t - a wand of polymorph (9)
Scrolls
 d - 2 scrolls of immolation
 f - 4 scrolls of fear {unknown}
 g - 2 scrolls of teleportation
 h - 5 scrolls of identify {unknown}
 j - a scroll of vulnerability {unknown}
 k - 2 scrolls of fog {unknown}
 l - a scroll of revelation {unknown}
 x - a scroll of blinking {unknown}
 y - a scroll of enchant weapon {unknown}
Potions
 a - a potion of lignification {!q}
 c - 3 potions of magic {unknown}
 e - 3 potions of ambrosia {unknown}
 i - 2 potions of enlightenment {unknown}
 m - a potion of heal wounds {unknown}
 n - 2 potions of curing
 v - 2 potions of might {unknown}
 w - a potion of mutation {unknown}


   Skills:
 + Level 2.6 Fighting
 + Level 2.6 Dodging
 * Level 3.3 Unarmed Combat
 * Level 3.7 Shapeshifting


You had 4 spell levels left.
You didn't know any spells.
Your spell library contained the following spells:

 Spells                   Type           Power      Damage    Failure   Level
 Ozocubu's Armour         Ice            0%         N/A       71%         3
 Ozocubu's Refrigeration  Ice            0%         4d7       100%        7


Dungeon Overview and Level Annotations

Branches:
Dungeon (4/15)
 Temple: D:4-7

Altars:
Gozag
Ru

Shops:
D:2 !*

Annotations:
D:4 Vorhees's ghost, amateur DjCj


Innate Abilities, Weirdness & Mutations

You are a tree.
Your roots penetrate the ground, keeping you stationary.
You cannot be teleported.
You are immune to unholy pain and torment.
Your maximum health is greatly increased.
You cannot wear most types of armour.
((You are amphibious.))
You can wear up to eight rings at the same time.
((Your skin changes colour to match your surroundings (Stealth+).))
((Your rubbery body absorbs attacks. (AC +1, EV +1)))
((You are camouflaged when in or above water. (Stealth+)))
((You have tentacles for arms and can constrict up to eight enemies at once.))


Message History

You feel yourself slow down.
There is a stone staircase leading down here.
Vorhees's ghost hits you.
You climb downwards.
The gnoll shouts!
You hear a shout!
Found 9 gold pieces.
Found a stone staircase leading down.
There is a stone staircase leading up here.
Unknown command.
You barely miss Vorhees's ghost. Your squeeze misses Vorhees's ghost.
Vorhees's ghost gestures at you while chanting.
You fall asleep.
A gnoll comes into view. It is wielding a +0 whip.
Vorhees's ghost hits you!
You wake up.
Unknown command.
Unknown command.
You barely miss Vorhees's ghost. You tentacle-slap Vorhees's ghost.
Vorhees's ghost is lightly damaged.
The gnoll throws a throwing net.
The throwing net barely misses you.
A gnoll comes into view. It is wielding a +0 flail.
Vorhees's ghost closely misses you.
You hit Vorhees's ghost.
Vorhees's ghost is lightly damaged.
Vorhees's ghost hits you. x2
* * * LOW HITPOINT WARNING * * *
Unknown command.
You puncture Vorhees's ghost!
Vorhees's ghost is moderately damaged.
Vorhees's ghost barely misses you. The gnoll hits you with a +0 club.
* * * LOW HITPOINT WARNING * * *
Really quaff
a - 2 potions of lignification {!q}?
Really quaff the potion of lignification?
Your transformation has ended.
You turn into a tree.
Your roots penetrate the ground.
You feel yourself speed up. Vorhees's ghost casts a spell at you.
You fall asleep.
The gnoll hits you but does no damage.
Vorhees's ghost hits you but does no damage.
The gnoll hits you with a +0 club!
You die...

...... ...
..... .§≈ #....
..≈. #....##
...≈.
#.....##...≈.
..#...gg#>...≈.
.......g.......
#...♣.....§≈
###.W.....≈.
#.....#.≈.
......# .
.........
..........≈
...$.......≈§
..............


You could see Vorhees's ghost and 3 gnolls.

Vanquished Creatures
  Jessica (D:3)
  3 adders
  A worm (D:3)
  3 dart slugs
  2 orcs (D:3)
  6 bats
  5 endoplasms
  2 giant cockroaches
  4 goblins
  5 hobgoblins
  2 quokkas (D:1)
  9 ball pythons
  4 frilled lizards
  4 kobolds
  2 rats (D:2)
53 creatures vanquished.

Notes
Turn   | Place    | Note
-------+----------+-------------------------------------------
     0 | D:1      | mopl the Octopode Shapeshifter began the quest for the Orb.
     0 | D:1      | Reached XP level 1. HP: 14/14 MP: 1/1
   196 | D:1      | Reached XP level 2. HP: 19/19 MP: 2/2
   199 | D:1      | Found a faded altar of an unknown god.
   486 | D:1      | Reached XP level 3. HP: 23/24 MP: 3/3
   939 | D:2      | Found Fyjireti's General Store.
   947 | D:2      | Bought a potion of curing for 30 gold pieces
   947 | D:2      | Bought a potion of degeneration for 10 gold pieces
   947 | D:2      | Bought a scroll of teleportation for 30 gold pieces
   947 | D:2      | Bought 2 poisoned darts for 12 gold pieces
   975 | D:2      | Found Tuthos's Distillery.
  1411 | D:3      | Found a sacrificial altar of Ru.
  1513 | D:3      | Reached XP level 4. HP: 22/30 MP: 4/4
  1639 | D:3      | Noticed Jessica
  1643 | D:3      | Killed Jessica
  1644 | D:3      | Reached skill level 3 in Unarmed Combat
  1765 | D:3      | Found a runed translucent gate.
  1766 | D:3      | Found a runed translucent gate.
  1766 | D:3      | Found a runed translucent gate.
  1767 | D:3      | Found an opulent altar of Gozag.
  1950 | D:3      | Noticed Vorhees's ghost (amateur DjCj)
  2267 | D:3      | Reached XP level 5. HP: 25/35 MP: 5/5
  2282 | D:4      | Slain by a gnoll

Illustrated notes

Levels and vault maps discovered:
D:1:      dpeg_arrival_round_b, layout_loops_ring,
          hellmonk_ecumenical_altar_blasted, wad_floor_pattern_untrapped
D:2:      layout_loops_ring, serial_shops, nicolae_square_shop,
          nicolae_shop_industrial_runoff
D:3:      layout_loops_corners, marbit_many_paths, ebering_ghost_gozag,
          st_stairs_2, serial_bayou_pond_c, kennysheep_generic_room_9,
          uniq_jessica
D:4:      layout_cave_pools, mainiacjoe_overflow_catwalk_spiral,
          minmay_temple_entry_mist, serial_demonic, serial_demonic_f,
          serial_demonic_c, serial_demonic_a, serial_demonic_d,
          serial_demonic_d, serial_demonic_a, nicolae_twisty_statue_hallways

Skill      XL: |  1  2  3  4 |
---------------+-------------+-----
Unarmed Combat | 3 |  3.3
Fighting       | |  2.6
Dodging        | |  2.6
Shapeshifting  | |  3.7

Action                     |  1- 3 |  4- 6 || total
---------------------------+-------+-------++-------
  Melee: Unarmed           |    68 |     5 ||    73
         Tentacles         |    13 |     5 ||    18
         Constrict         |    17 |     5 ||    22
         Dagger            |       |    15 ||    15
         Punch             |       |     2 ||     2
    Use: Potion            |       |     1 ||     1
   Stab: Sleeping          |    12 |       ||    12
 Armour: Skin              |     4 |     2 ||     6
  Dodge: Dodged            |    33 |    13 ||    46

Table legend: (Time is in decaauts)
 A = Elapsed time spent in this place.
 B = Non-inter-level travel time spent in this place.
 C = Inter-level travel time spent in this place.
 D = Time resting spent in this place.
 E = Time spent auto-exploring this place.
 F = Levels seen in this place.
 G = Mean time per level.
                   A        B        C        D        E       F      G
               +--------+--------+--------+--------+--------+-----+--------+
         Total |   2281 |   2220 |     61 |      0 |   1827 |   4 |  570.2 |
       Dungeon |   2281 |   2220 |     61 |      0 |   1827 |   4 |  570.2 |
               +--------+--------+--------+--------+--------+-----+--------+

Top non-repeatable levels by time:
     D:3: 909 daAuts
     D:1: 692 daAuts
     D:2: 671 daAuts
     D:4: 8 daAuts
